[Event "Late-Titled-Tuesday-Blitz-March-12-2024"]
[Site "Chess.com"]
[Date "2024.03.12"]
[Round "10"]
[White "janhelmer03"]
[Black "Viktor_Poddubnyi"]
[Result "0-1"]
[WhiteElo "2386"]
[BlackElo "2294"]
[TimeControl "180+1"]
[EndTime "15:54:26 PDT"]
[Termination "Viktor_Poddubnyi won on time"]

1. Nf3 g6 2. c4 Bg7 3. Nc3 Nf6 4. e4 d6 5. d4 O-O 6. Be2 e5 7.
O-O Nc6 8. d5 Ne7 9. b4 Nh5 10.
Re1 Nf4 11. Bf1 f5 12. Bxf4 exf4 13. e5 dxe5 14. Nxe5 a5 15. Qb3 axb4 16. Qxb4 Re8 17.
Rad1 Bxe5 18. Rxe5 Qd6 19. Qxd6 cxd6 20. Re2 Bd7 21. Rb1 Ra7 22. Reb2 Rb8 23. h4 Nc8 24. Ne2 f3 25. gxf3 b6 26. f4 Rba8 27. Nc1 Ra3 28. Bd3 Kf7 29. Rb3 R3a4 30. Kg2 R8a7 31. Kf3 Kf6 32.
R1b2 Kf7 33. Re2 Rc7 34. Re1 Rca7 35. Rh1 h5 36. Rg1 R4a5 37. Rb2 Ra3 38. Rd2 Rc3 39. Rc2 Raa3 40. Rxc3 Rxc3 41. Ke2 Ra3 42. Bc2 Ra5 43. Bb3 Ne7 44. Rg3 Ng8 45. Re3 Nf6 46.
f3 Ra8 47. Nd3 Rc8 48. Nb4 Rc7 49. Nc2 Ra7 50. Nd4 Rc7 51. Rc3 Nxd5 52. Rc1 Nxf4+ 53. Ke3 Ne6 54. Nb5 Bxb5 55. Rd1 Bxc4 56. Ba4 b5 0-1

[Event "Late-Titled-Tuesday-Blitz-March-12-2024"]
[Site "Chess.com"]
[Date "2024.03.12"]
[Round "10"]
[White "oskariot"]
[Black "bazar-wokzal"]
[Result "1-0"]
[WhiteElo "2769"]
[BlackElo "2578"]
[TimeControl "180+1"]
[EndTime "15:54:32 PDT"]
[Termination "oskariot won on time"]

1. e4 Nc6 2. Nf3 d5 3. exd5 Qxd5 4. Nc3 Qa5 5. d4 Bg4 6. Bb5 O-O-O 7. Bxc6 bxc6 8. h3 Qh5 9. Qe2 Bxf3 10. gxf3 e6 11. Be3 Bb4 12. Rg1 Qxh3 13. O-O-O Bxc3 14. bxc3 Ne7 15. Rxg7 Rhf8 16. Bg5 Nf5 17. Bxd8 Nxg7 18. Be7 Re8 19.
Bc5 Nf5 20. Kb2 Kd7 21. Ka1 h5 22. c4 Qg2 23. Qd3 Qxf2 24. d5 Qxc5 25. dxe6+ Kxe6 26. Re1+ Kf6 27. Rxe8 Qd4+ 28. Kb1 Qxd3 29. cxd3 Kg5 30. Rh8 h4 31. Kc2 Kf4 32. Rh7 f6 33. Rh5 c5 34. Kd2 a5 35. Ke1 Nd4 36. Rxh4+ Ke3 37. Rh7 Nxf3+ 38. Kd1 Kxd3 39. Rh3 Ke4 40. Ke2 Ne5 41.
Rh4+ Kf5 42. Ke3 Ng4+ 43. Kf3 Ne5+ 44. Ke3 Ng4+ 45. Kd3 Ne5+ 46. Kc3 Kg5 47. Rh7 f5 48.
Rxc7 f4 49. Rxc5 Kf6 50. Kd4 f3 51. Ke3 Ke6 52. Rc8 Kd7 53. Rc5 Kd6 54. Rd5+ Ke6 55. Kf2 Nxc4 56. Rc5 1-0

[Event "Late-Titled-Tuesday-Blitz-March-12-2024"]
[Site "Chess.com"]
[Date "2024.03.12"]
[Round "10"]
[White "sorch29"]
[Black "Zq1"]
[Result "1-0"]
[WhiteElo "2486"]
[BlackElo "2606"]
[TimeControl "180+1"]
[EndTime "15:54:34 PDT"]
[Termination "sorch29 won on time"]

1. d4 Nf6 2. c4 a6 3. e3 e6 4. Nf3 c5 5. Nc3 d5 6. cxd5 exd5 7. Be2 c4 8. O-O b5 9. Ne5 Bb7 10. Bf3 Bd6 11. b3 b4 12. Na4 c3 13. a3 a5 14. Nc5 Bxc5 15. dxc5 O-O 16. Nd3 Nc6 17. Re1 Re8 18. Qc2 Qe7 19. axb4 axb4 20. Rxa8 Bxa8 21. Nxb4 Nxb4 22. Qxc3 Nc6 23. Bb2 d4 24. Qc1 Ne5 25. Bxa8 Nd3 26. Qd2 Nxe1 27. Bc6 Rc8 28. Bb5 Qxc5 29.
Bc4 dxe3 30. Qxe1 exf2+ 31. Qxf2 Qxf2+ 32. Kxf2 Ne4+ 33. Ke3 Nd6 34. Bd3 Kf8 35. Bd4 f6 36. b4 Rb8 37. Bc5 Ke7 38. Kd4 Kd7 39. Bxh7 Nb5+ 40. Kc4 Nc7 41. Bf5+ Kd8 42. h3 Na6 43. Be4 Nxc5 44. Kxc5 Kc7 45. b5 Rb6 46. Bc6 Rb8 47. g4 g5 48. Bd5 Rb6 49. Bc6 Rb8 50. Kd5 Rd8+ 51. Ke6 Rd6+ 52. Kf5 Kb6 53. Kg6 Kc5 54.
Kf5 Kd4 55. Bg2 Ke3 56. Bc6 Kf2 57. Kg6 Kg3 58. Kf7 Kxh3 59. Ke7 Rd2 60. Bd7 Rf2 61.
Bf5 Kh4 62. Kxf6 1-0

[Event "Late-Titled-Tuesday-Blitz-March-12-2024"]
[Site "Chess.com"]
[Date "2024.03.12"]
[Round "10"]
[White "MyDream003"]
[Black "Marcan2b"]
[Result "0-1"]
[WhiteElo "2783"]
[BlackElo "2947"]
[TimeControl "180+1"]
[EndTime "15:54:37 PDT"]
[Termination "Marcan2b won by resignation"]

1. e4 c5 2. Nf3 Nc6 3. d4 cxd4 4. Nxd4 Nf6 5. Nc3 e5 6. Ndb5 d6 7. Bg5 a6 8. Na3 Be6 9. Nc4 Rb8 10. Ne3 Be7 11.
Bxf6 Bxf6 12. Ncd5 Bg5 13. c3 O-O 14. Be2 Kh8 15.
O-O g6 16. Kh1 Bh6 17. Bg4 f5 18. exf5 gxf5 19. Bh3 Qh4 20. Nc7 Qe7 21. Nxe6 Qxe6 22. Nxf5 Rxf5 23. Bxf5 Qxf5 24. Qxd6 Bf4 25. g3 Bg5 26. f3 Rd8 27. Qc5 Rd2 28. Rf2 Rd3 29.
f4 Be7 30. Qb6 Qe4+ 31. Kg1 Rd5 32. b4 exf4 33. Rxf4 Qe2 34. Qf2 Qxf2+ 35. Rxf2 Rd3 36. Rc2 Bf6 37. Rac1 Kg7 38. Kf2 Ne5 39. Ke2 Bg5 40. Rd1 Re3+ 41. Kf1 Nc4 42. Rd4 b5 43. Re2 Rxc3 44. Re6 Bf6 45. Rd7+ Kg6 46. Rxa6 h5 47. Rc7 Ne3+ 48. Ke2 Rxc7 49. Kxe3 Rc2 50. h3 Rc3+ 51.
Kf4 Rc4+ 52. Kf3 Rxb4 53. Rb6 Kg5 54. Ra6 Rb1 55. a4 b4 56. Rb6 b3 57. a5 b2 58. a6 Ra1 0-1

[Event "Late-Titled-Tuesday-Blitz-March-12-2024"]
[Site "Chess.com"]
[Date "2024.03.12"]
[Round "10"]
[White "Boundless_Strike"]
[Black "IMSlavin"]
[Result "0-1"]
[WhiteElo "2603"]
[BlackElo "2343"]
[TimeControl "180+1"]
[EndTime "15:54:39 PDT"]
[Termination "IMSlavin won by checkmate"]

1. d4 Nc6 2. e4 d6 3. Be3 Nf6 4. f3 e5 5. Ne2 Be7 6. Nbc3 O-O 7. Qd2 a6 8. O-O-O b5 9. dxe5 Nxe5 10. Nf4 Bb7 11. Be2 Re8 12. Ncd5 Nxd5 13. Nxd5 Bf8 14. h4 c6 15. Nf4 a5 16. h5 a4 17. a3 Qe7 18. h6 g6 19. Nd3 Nc4 20. Bg5 f6 21. Bxf6 Qxf6 22. Qb4 d5 23. Qe1 dxe4 24. fxe4 Rxe4 25.
Rf1 Bxh6+ 26. Kb1 Qg7 27. Qf2 Ne3 28. Nc5 Nxd1 29. Rxd1 Re7 30. Bg4 Be3 31. Be6+ Rxe6 32. Nxe6 Bxf2 33. Nxg7 Kxg7 34. Rd7+ Kh6 35. Rxb7 Rc8 36.
b3 axb3 37. cxb3 Bd4 38. Kc2 Ra8 39. Rd7 c5 40. Rb7 Rxa3 41. Rxb5 Ra2+ 42. Kd3 Rxg2 43.
b4 cxb4 44. Kxd4 Rg4+ 45. Ke3 g5 46. Kf3 Rf4+ 47. Kg3 Kh5 48. Rb7 h6 49. Rd7 Rc4 50. Kf3 Rc3+ 51. Ke4 b3 52. Kd4 Rf3 53. Rb7 g4 54.
Rb6 g3 55. Rb5+ Kg4 56. Rb8 h5 57. Ke4 Rc3 58. Kd4 Rf3 59. Ke4 Rf4+ 60. Ke3 h4 61. Rxb3 Rf3+ 62. Ke2 Rxb3 63. Kf1 Kf3 64. Kg1 Rb1# 0-1

[Event "Late-Titled-Tuesday-Blitz-March-12-2024"]
[Site "Chess.com"]
[Date "2024.03.12"]
[Round "10"]
[White "Blitzstream"]
[Black "Fandorine"]
[Result "1-0"]
[WhiteElo "2765"]
[BlackElo "2934"]
[TimeControl "180+1"]
[EndTime "15:54:43 PDT"]
[Termination "Blitzstream won by resignation"]

1. e4 e5 2. Nf3 Nc6 3. d4 exd4 4. Nxd4 Nf6 5. Nxc6 bxc6 6. e5 Qe7 7. Qe2 Nd5 8. c4 Ba6 9. b3 g6 10. g3 Bg7 11. Bb2 O-O-O 12. Bg2 Rhe8 13. O-O Bxe5 14. Qxe5 Qxe5 15. Bxe5 Rxe5 16. cxd5 Bxf1 17. Kxf1 cxd5 18. Nc3 c6 19. Rc1 Kb7 20. Na4 a5 21. Nc5+ Ka7 22.
Nd3 Re7 23. Bf3 Kb6 24. h4 h5 25. Nf4 Ree8 26. Be2 a4 27. b4 a3 28. Rc3 Re4 29.
Rb3 Ra8 30. Ke1 Ra4 31. Nd3 d6 32. Kd2 Rc4 33. Bd1 Ra8 34. Rb1 Rd4 35. Kc3 Rc4+ 36. Kd2 d4 37. Rb3 d5 38. Ne1 Re8 39. Nc2 f5 40. Nxa3 Ra8 41. Nxc4+ dxc4 42. Rb1 Rxa2+ 43. Ke1 d3 44. Bb3 cxb3 45. Rxb3 d2+ 46. Kd1 Kb5 47. Rc3 Ra6 48. Re3 Kxb4 49. Re6 Kc3 50. Re3+ Kd4 51. Re6 Kd3 52. Re3+ Kc4 53. Re6 Kb5 54.
Rxg6 Ra2 55. Rd6 c5 56. Rxd2 Rxd2+ 57. Kxd2 Kc4 58. f3 Kd4 59. Kc2 Ke3 60. g4 fxg4 61.
fxg4 hxg4 62. h5 g3 63. h6 g2 64. h7 g1=Q 65. h8=Q Qf2+ 66. Kb3 Qf7+ 67. Kc3 Ke4 68. Qh1+ Ke5 69. Qh2+ Kd5 70. Qa2+ 1-0

[Event "Late-Titled-Tuesday-Blitz-March-12-2024"]
[Site "Chess.com"]
[Date "2024.03.12"]
[Round "10"]
[White "Speed-O-Sonic"]
[Black "agus_k"]
[Result "1-0"]
[WhiteElo "2470"]
[BlackElo "2573"]
[TimeControl "180+1"]
[EndTime "15:54:44 PDT"]
[Termination "Speed-O-Sonic won by resignation"]

1. e4 c5 2. Nc3 g6 3. d4 cxd4 4. Qxd4 Nf6 5. Be3 Nc6 6. Qd2 Ng4 7. Bf4 Bg7 8. f3 Nge5 9. O-O-O d6 10. h4 h5 11. Nge2 Be6 12. Kb1 Nc4 13. Qc1 Qb6 14.
b3 Rc8 15. Na4 Qb4 16. c3 Na3+ 17. Kb2 Na5 18. Nd4 N3c4+ 19. Ka1 Qa3 20. Bxc4 Nxc4 21. Qxa3 Nxa3 22. Kb2 Bxd4 23. cxd4 Nb5 24. Be3 d5 25. Rc1 O-O 26. Nc5 b6 27. Nxe6 fxe6 28. e5 a6 29. a4 Na7 30. b4 Nc6 31. Kb3 a5 32. b5 Nb4 33. Bg5 Kf7 34. Rhf1 Nd3 35. Rcd1 Nb4 36.
Rc1 Rfe8 37. Bd2 Nd3 38. Rcd1 Rc4 39. Bc3 Nf4 40. g3 Ng2 41. Rf2 Ne3 42. Rd3 Rxc3+ 43. Rxc3 Nc4 44. Rfc2 Rd8 45. Rxc4 dxc4+ 46. Rxc4 Ke8 47.
f4 Kd7 48. Kc3 Rb8 49. Rc6 Rf8 50. Kc4 Rg8 51. Rxb6 Rc8+ 52. Kd3 Rc1 53. Rb7+ Ke8 54. b6 Rb1 55. Rb8+ Kf7 56. b7 Rb4 57. Kc3 Kg7 58. Kd3 Kf7 59. Ke2 Kg7 60. Kf2 Kf7 61. g4 Kg7 62.
gxh5 gxh5 63. Kf3 Kf7 64. Ke4 Kg7 65. f5 exf5+ 66. Kxf5 Kf7 67. d5 Kg7 68. Ke6 1-0

[Event "Late-Titled-Tuesday-Blitz-March-12-2024"]
[Site "Chess.com"]
[Date "2024.03.12"]
[Round "10"]
[White "carloseduar100"]
[Black "TokChess"]
[Result "0-1"]
[WhiteElo "2343"]
[BlackElo "2611"]
[TimeControl "180+1"]
[EndTime "15:54:48 PDT"]
[Termination "TokChess won by resignation"]

1. e4 c5 2. Nf3 e6 3. Nc3 a6 4. d3 Nc6 5. g3 g6 6. Bg2 Bg7 7. O-O Nge7 8. Bg5 h6 9. Be3 Nd4 10.
Qd2 d6 11. a4 h5 12. h4 Nec6 13. Kh2 O-O 14. Rab1 Bd7 15. Ne2 Nxf3+ 16. Bxf3 Nd4 17. Bxd4 cxd4 18. b3 b5 19. axb5 axb5 20. Ra1 Qc7 21. Kg2 Rfc8 22. Rxa8 Rxa8 23. e5 d5 24. Nxd4 Bxe5 25.
Ne2 Ra2 26. Rc1 Bg7 27. d4 b4 28. Qxb4 Rxc2 29. Rxc2 Qxc2 30. Qb8+ Kh7 31. Qb7 Qc6 32. Qxc6 Bxc6 33. Nc1 Bxd4 34. Nd3 Kg7 35. Kf1 Kf6 36. Ke2 Ke7 37. g4 hxg4 38. Bxg4 f5 39. Bh3 Bb5 40. f4 Bf6 41. Ke3 Bxd3 42. Kxd3 Bxh4 43. b4 Kd6 44. Bf1 Bg3 45. Ke3 Bh4 46. Ba6 g5 47. fxg5 Bxg5+ 48.
Kd3 e5 49. Bc8 e4+ 50. Kd4 Bf6+ 51. Ke3 Ke5 52. b5 Bd8 53. Bb7 Bb6+ 54. Ke2 f4 55.
Bc8 f3+ 56. Ke1 d4 57. Bh3 Kf4 58. Bf1 Ke3 59. Kd1 d3 60. Ke1 Ba5+ 61. Kd1 Kd4 62. b6 Bxb6 63. Ke1 Ba5+ 64. Kd1 e3 0-1

[Event "Late-Titled-Tuesday-Blitz-March-12-2024"]
[Site "Chess.com"]
[Date "2024.03.12"]
[Round "10"]
[White "Sina_Movahed"]
[Black "Bauman_Guy"]
[Result "1/2-1/2"]
[WhiteElo "3038"]
[BlackElo "2938"]
[TimeControl "180+1"]
[EndTime "15:54:51 PDT"]
[Termination "Game drawn - insufficient material"]

1. e4 c5 2. Nf3 d6 3. d4 Nf6 4. Nc3 cxd4 5. Nxd4 a6 6. h3 e5 7. Nde2 h5 8. g3 Be7 9. Bg2 O-O 10. O-O b5 11. a4 b4 12. Nd5 Nxd5 13. Qxd5 Ra7 14. c3 Be6 15. Qd1 b3 16. Be3 Rb7 17. Kh2 Nc6 18. f4 Na5 19. f5 Bd7 20. Ng1 Nc4 21. Qe2 Qc7 22. Rfd1 Rc8 23. Bf2 Nxb2 24. Qxb2 Qxc3 25. Rd2 Qxb2 26. Rxb2 Rc2 27. Rab1 Rxb2 28. Rxb2 Bxa4 29. Bf1 Rc7 30. Bxa6 Bg5 31. Bd3 Rc3 32. Bb1 Bc1 33. Re2 b2 34. Re1 Bc2 35. Ne2 Rc4 36.
Nxc1 Bxb1 37. Nb3 Bd3 38. Nd2 Rc1 39. Kg2 Bxe4+ 40. Rxe4 Rc2 41. Rb4 Rxd2 42. Kf3 d5 43.
Be3 Rc2 44. g4 hxg4+ 45. hxg4 f6 46. g5 d4 47. g6 Kf8 48. Rb8+ Ke7 49. Bh6 gxh6 50. g7 Rc8 51. Rxc8 b1=Q 52. g8=Q Qd3+ 53. Kg4 Qe4+ 54. Kh5 Qxf5+ 55. Kxh6 Qh3+ 56. Kg7 Qg4+ 57. Kh8 Qh5+ 58. Qh7+ Qxh7+ 59. Kxh7 d3 60. Ra8 e4 61. Ra4 f5 62. Rd4 Ke6 63. Kg6 Ke5 64. Rd8 Kf4 65. Kf6 Ke3 66. Kxf5 d2 67. Ke5 Ke2 68. Kxe4 d1=Q 69.
Rxd1 Kxd1 1/2-1/2

[Event "Late-Titled-Tuesday-Blitz-March-12-2024"]
[Site "Chess.com"]
[Date "2024.03.12"]
[Round "10"]
[White "Kopytkin"]
[Black "ferdipy"]
[Result "1-0"]
[WhiteElo "2432"]
[BlackElo "2319"]
[TimeControl "180+1"]
[EndTime "15:54:55 PDT"]
[Termination "Kopytkin won by checkmate"]

1. e4 e6 2. Nf3 d5 3. e5 c5 4.
d4 Nc6 5. a3 cxd4 6. Bd3 Nge7 7. O-O Ng6 8. Re1 Qc7 9. Qe2 Bd7 10. h4 Be7 11. h5 Nf8 12. b4 h6 13. Nbd2 a6 14.
Nb3 Nh7 15. Bf4 Ng5 16. Nxg5 hxg5 17. Bg3 Na7 18. Nxd4 Rc8 19. Rab1 Qc3 20. Qe3 Qxa3 21. Nxe6 Bxe6 22. Qxa7 b5 23. Rb3 Qa4 24. Reb1 d4 25.
R3b2 O-O 26. Qxd4 Rfd8 27. Qe4 Rxd3 28. cxd3 Rd8 29. d4 g6 30. Qe3 Bf5 31. hxg6 Bxb1 32. gxf7+ Kxf7 33. Rxb1 Qc2 34. Re1 Qg6 35. e6+ Kg7 36.
Qe5+ Kh7 37. d5 Bf6 38. Qc7+ Kh6 39. d6 Qd3 40. e7 Re8 41. Qc6 Qg6 42. d7 Rxe7 43. Rxe7 Bxe7 44. Qxg6+ Kxg6 45. Bc7 Kf5 46. d8=Q Bxd8 47. Bxd8 g4 48. Ba5 Ke4 49. Kf1 Kd3 50. Ke1 Ke4 51. Ke2 Kf4 52. Bc7+ Ke4 53. f3+ gxf3+ 54.
gxf3+ Kd4 55. f4 Kd5 56. Ke3 Ke6 57. Ba5 Kf5 58. Kf3 Ke6 59. Ke4 Kf6 60. f5 Kf7 61.
Bb6 Ke7 62. Bc5+ Kf7 63. Ke5 Ke8 64. Ke6 Kd8 65. f6 Kc7 66. f7 Kc6 67. f8=Q Kb7 68.
Qe7+ Ka8 69. Qd8+ Kb7 70. Qd7+ Kb8 71. Bd6+ Ka8 72. Qc8+ Ka7 73. Bc5# 1-0

[Event "Late-Titled-Tuesday-Blitz-March-12-2024"]
[Site "Chess.com"]
[Date "2024.03.12"]
[Round "10"]
[White "SchmakAttack"]
[Black "dropstoneDP"]
[Result "0-1"]
[WhiteElo "2838"]
[BlackElo "2983"]
[TimeControl "180+1"]
[EndTime "15:55:05 PDT"]
[Termination "dropstoneDP won by resignation"]

1. c4 c5 2. Nf3 Nf6 3. g3 d5 4. cxd5 Nxd5 5. Bg2 Nc6 6. O-O e5 7. Nc3 Be6 8. d3 Be7 9. Bd2 O-O 10. Nxd5 Bxd5 11.
Bc3 Qd6 12. Nd2 Bxg2 13. Kxg2 Kh8 14. Qb3 Rab8 15. a4 f5 16. Rac1 Bg5 17. Kg1 Bxd2 18. Bxd2 Nd4 19. Qd1 f4 20. Bc3 Qd5 21. Bxd4 exd4 22.
Qd2 Rbe8 23. Rc2 Re6 24. b4 fxg3 25. hxg3 Rh6 26. f3 Qh5 27. Kf2 Qh2+ 28. Ke1 Qxg3+ 29. Kd1 cxb4 30. Qxb4 Rhf6 31. Qxd4 a6 32. Rg1 Qh2 33. Rg4 b5 34. axb5 axb5 35. Qd7 Qh1+ 36. Kd2 Qh6+ 37. Ke1 g6 38. Rc8 Rxc8 39. Qxc8+ Rf8 40. Qc3+ Kg8 41.
Qb3+ Kg7 42. Qxb5 Qe3 43. Qb2+ Kg8 44. Qd4 Rxf3 45. Qd5+ Rf7 46. Rc4 Qg1+ 47. Kd2 Qf2 48. Re4 Kg7 49. Qd4+ Qxd4 50. Rxd4 h5 51. e4 h4 52. e5 g5 53. Re4 h3 54. d4 h2 55.
Re1 g4 56. e6 Re7 57. d5 g3 58. d6 Rxe6 59. d7 Rd6+ 60. Ke2 Rxd7 61. Kf3 Rd3+ 62. Kg2 Kg6 63. Ra1 Kf5 64. Ra5+ Ke4 65. Ra1 Re3 66. Ra4+ Kf5 67. Ra5+ Kf4 68. Ra4+ Re4 69. Ra1 Re2+ 70. Kh1 Re4 71. Kg2 Kg4 72. Rb1 Re2+ 73. Kh1 Kh3 0-1

[Event "Late-Titled-Tuesday-Blitz-March-12-2024"]
[Site "Chess.com"]
[Date "2024.03.12"]
[Round "10"]
[White "Felix-Rose"]
[Black "karinachess1"]
[Result "0-1"]
[WhiteElo "2308"]
[BlackElo "2607"]
[TimeControl "180+1"]
[EndTime "15:55:06 PDT"]
[Termination "karinachess1 won on time"]

1. e4 e5 2. Nf3 Nc6 3. d4 exd4 4. Nxd4 Bc5 5. Nxc6 Qf6 6. Qf3 bxc6 7. Nd2 d6 8. Bd3 Bd7 9. O-O Qxf3 10. Nxf3 Ne7 11. c4 O-O 12. b3 Bg4 13. Bb2 Bxf3 14. gxf3 Ng6 15. Rad1 Rfe8 16. Bb1 Nf4 17. Kh1 Re6 18. Bc1 Rf6 19. Bxf4 Rxf4 20. Rd3 Re8 21. Kg2 Re6 22. Kg3 g5 23. h3 Kg7 24.
Bc2 Rh6 25. Rh1 Rhf6 26. Bd1 Rh4 27. Rd2 Bb4 28. Re2 Bc3 29. Bc2 Be5+ 30. Kg2 Bd4 31.
Rd1 c5 32. Bd3 Rhf4 33. Rc2 Rxf3 34. Rdd2 Bxf2 35. Rxf2 Rxd3 36. Rxf6 Kxf6 37. Rf2+ Ke6 38. Kh2 Re3 39. Rg2 h6 40. h4 f6 41. hxg5 hxg5 42.
Kg1 Rxe4 43. Rh2 Re1+ 44. Kf2 Ra1 45. Ke3 f5 46. Rh6+ Ke5 47. Rh7 f4+ 48. Kf3 Rxa2 49.
Re7+ Kf6 50. Rxc7 Ra3 51. Kg4 Rxb3 52. Rxa7 Rg3+ 53. Kh5 f3 54. Rd7 Ke6 55. Rd8 f2 56.
Re8+ Kf7 57. Rh8 f1=Q 58. Rh7+ Kg8 59. Kg6 Qd3+ 60. Kf6 Qxh7 61. Ke6 Re3+ 62. Kf6 Qf7+ 63. Kxg5 Re5+ 64. Kg4 Qf5+ 65. Kg3 Re3+ 66. Kg2 Qh3+ 67. Kf2 Qf3+ 68. Kg1 Re1+ 0-1

[Event "Late-Titled-Tuesday-Blitz-March-12-2024"]
[Site "Chess.com"]
[Date "2024.03.12"]
[Round "10"]
[White "SpeedofLight0"]
[Black "kingofthenil"]
[Result "1/2-1/2"]
[WhiteElo "3065"]
[BlackElo "2778"]
[TimeControl "180+1"]
[EndTime "15:55:28 PDT"]
[Termination "Game drawn by repetition"]

1. d4 d5 2. Nc3 e6 3. Bf4 a6 4. Nf3 Nf6 5. e3 b5 6. Bd3 Nbd7 7. O-O c5 8. dxc5 Nxc5 9. Ne5 Bd6 10. Bg3 Qc7 11. f4 O-O 12. a3 Bb7 13. Qe2 Rac8 14. Rad1 Nce4 15. Bxe4 dxe4 16. Rd2 b4 17. axb4 Bxb4 18.
f5 Bxc3 19. bxc3 Qxc3 20. Kh1 Rfd8 21. Rdd1 Rxd1 22. Qxd1 Bd5 23. Ng4 Nxg4 24. Qxg4 exf5 25. Qxf5 Be6 26. Qg5 h6 27. Qf4 Qxc2 28. h3 Qd3 29. Ra1 Rc2 30. Bf2 Qd2 31. Kg1 a5 32. Rf1 Bc4 33. Rb1 Rc1+ 34. Rxc1 Qxc1+ 35. Kh2 Bd3 36. Qb8+ Kh7 37. Qa7 Qd2 38. Kg3 f6 39. Qd7 Qb4 40. Qf5+ Kg8 41. Qd5+ Kf8 42. Kh2 Ke7 43. Bg3 Qc4 44.
Qxa5 Kf7 45. Qh5+ Kg8 46. Qe8+ Kh7 47. Qe7 Qd5 48. Bd6 Qf5 49. Qc7 Qg6 50. Bf4 Bf1 51. Qc2 Bd3 52. Qd2 Qf5 53. Bg3 Qg6 54. Qb4 Qf7 55.
Qd6 Qg6 56. Qd7 h5 57. Bf2 Bf1 58. g3 Bd3 59. Kg1 Qg5 60. Qd4 Qf5 61. Kg2 Qf3+ 62.
Kg1 Qe2 63. Qa1 Qf3 64. Qe1 Bc4 65. Kh2 Be2 66. Qg1 Bb5 67. Qe1 Qf5 68. Bg1 Bd7 69.
g4 hxg4 70. Qh4+ Kg8 71. hxg4 Qf3 72. g5 Qe2+ 73. Kh1 Bg4 74. Bf2 Qf1+ 75. Kh2 Bf3 76. Kg3 Qg2+ 77. Kf4 fxg5+ 78. Qxg5 Qxf2 79. Qd5+ Kh7 80. Qf5+ Kh6 81. Qg5+ Kh7 82. Qf5+ Kg8 83. Qd5+ Kf8 84.
Qd8+ Kf7 85. Qd7+ Kf6 86. Qd6+ Kf7 87. Qd7+ Kg8 88. Qd5+ 1/2-1/2

[Event "Late-Titled-Tuesday-Blitz-March-12-2024"]
[Site "Chess.com"]
[Date "2024.03.12"]
[Round "10"]
[White "1g60-1"]
[Black "Willhaven3"]
[Result "1-0"]
[WhiteElo "2381"]
[BlackElo "2607"]
[TimeControl "180+1"]
[EndTime "15:55:28 PDT"]
[Termination "1g60-1 won by checkmate"]

1. Nf3 f5 2. d3 Nf6 3. Nc3 d6 4. e4 Nc6 5. Bg5 g6 6. Bxf6 exf6 7. exf5 Bxf5 8. d4 d5 9. Bb5 Qd6 10. O-O Bh6 11. Nh4 Be6 12. Re1 O-O 13. h3 Rfe8 14. Ba4 Re7 15. Bb3 Rd8 16. a3 Na5 17. Ba2 Nc4 18.
Bxc4 dxc4 19. d5 Bf7 20. Rxe7 Qxe7 21. Qd4 a6 22. Nf3 c6 23. Re1 Qd7 24. Qxf6 Bg7 25. Qh4 cxd5 26. Re7 Qd6 27. Rxb7 d4 28. Ne4 Qd5 29. Ra7 h6 30. Nf6+ Bxf6 31. Qxf6 Rd7 32. Rxd7 Qxd7 33. Qxd4 Qe6 34. Qe5 Qb6 35. Qd4 Qb5 36. Ne5 Qd5 37. Qxd5 Bxd5 38. Kh2 Be4 39. c3 Kf8 40. Nd7+ Ke7 41. Nc5 Bc2 42. Nxa6 Kd6 43.
Nb4 Be4 44. f3 Bb7 45. Kg3 Ke5 46. Kf2 h5 47. Ke3 h4 48. Nc2 g5 49. Nd4 Kf6 50. f4 gxf4+ 51. Kxf4 Bxg2 52. Nf3 Bxh3 53. Nxh4 Bc8 54.
Ke3 Ke5 55. Nf3+ Kd5 56. Nd2 Kc5 57. Ke4 Bb7+ 58. Ke5 Ba8 59. Ne4+ Kb5 60. Kd4 Bb7 61. Nd2 Bc6 62. Nxc4 Bd7 63. Nd2 Be6 64. b3 Bf7 65. c4+ Kc6 66. b4 Kb6 67. a4 Be6 68. c5+ Kc7 69. b5 Bd7 70. Nc4 Be8 71. Nd6 Bd7 72.
Ke5 Bg4 73. Ne4 Bd1 74. Nc3 Bb3 75. Kd4 Bf7 76. a5 Kb7 77. c6+ Kc7 78. Kc5 Bg6 79.
b6+ Kc8 80. Nb5 Bf5 81. a6 Kb8 82. c7+ Ka8 83. Nd6 Bc8 84. b7+ Bxb7 85. axb7+ Ka7 86. b8=Q+ Ka6 87. Qb6# 1-0

[Event "Late-Titled-Tuesday-Blitz-March-12-2024"]
[Site "Chess.com"]
[Date "2024.03.12"]
[Round "10"]
[White "Smoking_Crow"]
[Black "alexrustemov"]
[Result "0-1"]
[WhiteElo "2639"]
[BlackElo "2839"]
[TimeControl "180+1"]
[EndTime "15:55:36 PDT"]
[Termination "alexrustemov won on time"]

1. e4 e6 2. d4 d5 3. Nd2 dxe4 4. Nxe4 Bd7 5. Nf3 Bc6 6. Bd3 Nd7 7. O-O Ngf6 8. Neg5 Bd6 9. Qe2 h6 10. Nh3 Bxf3 11.
Qxf3 c6 12. Nf4 O-O 13. Ne2 e5 14. Be3 Re8 15. Ng3 exd4 16. Bxd4 Ne5 17. Bxe5 Bxe5 18.
Nf5 Qc7 19. h3 Bxb2 20. Rab1 Be5 21. Bc4 b5 22. Bb3 c5 23. c4 b4 24. Ba4 Red8 25. Rfe1 h5 26. Re2 g6 27. Ne3 Bd4 28. Nd5 Nxd5 29. cxd5 Qd6 30. Bc6 Rac8 31. Rbe1 Qf6 32. Qg3 h4 33. Qg4 Kg7 34. Kh1 Rc7 35. f4 c4 36. f5 Bc3 37. Rf1 g5 38. Qxc4 Re7 39. Rxe7 Qxe7 40. Qg4 Bf6 41. Qf3 a5 42. Qf2 Rb8 43.
Re1 Qd6 44. Qf3 Rc8 45. Qg4 Rc7 46. Kg1 Re7 47. Rf1 Re3 48. Qc4 Qe5 49. Kh1 Re2 50.
d6 Rd2 51. d7 Qc3 52. Qe4 Rd4 53. Qf3 Rd3 54. Qe4 Rd4 55. Qf3 Rd2 56. Bd5 Qxf3 57. Bxf3 Rxd7 58. Rd1 Rc7 59. Kg1 a4 60. Rd3 Bc3 61.
Bd5 Kf6 62. Kf2 Kxf5 63. Rf3+ Kg6 64. Be4+ Kg7 65. Ke2 b3 66. axb3 axb3 67. Bb1 b2 68.
Rf1 Be5 69. Ba2 f6 70. Bb1 Rc1 71. Ba2 Kf8 72. Rd1 Ke7 73. Bb1 Rxd1 74. Kxd1 Kd6 75. Kd2 Kc5 76. Kd3 Kb4 77. Kd2 Kb3 78. Kd3 Bb8 79. Kd4 Kb4 80. Kd3 Be5 81. Kd2 Kc4 82.
Ba2+ Kd4 0-1

[Event "Late-Titled-Tuesday-Blitz-March-12-2024"]
[Site "Chess.com"]
[Date "2024.03.12"]
[Round "10"]
[White "vi_pranav"]
[Black "Polish_fighter3000"]
[Result "1-0"]
[WhiteElo "3066"]
[BlackElo "3130"]
[TimeControl "180+1"]
[EndTime "15:56:27 PDT"]
[Termination "vi_pranav won on time"]

1. e4 c5 2. Nf3 Nf6 3. Nc3 d6 4. d4 cxd4 5. Nxd4 a6 6. h3 e5 7. Nf3 Be7 8. g4 Be6 9. g5 Nfd7 10. Be3 Nb6 11. h4 N8d7 12. Rg1 Rc8 13. Qd2 Nc5 14. h5 Qd7 15. Rg3 Nba4 16. Nxa4 Qxa4 17. Bxc5 Rxc5 18. Bd3 O-O 19. b3 Qa3 20. c4 Rfc8 21. Be2 R5c7 22. Nh4 d5 23. Kf1 dxe4 24. Qc2 b5 25. Qxe4 Qb2 26.
Rb1 Qd4 27. Qxd4 exd4 28. cxb5 axb5 29. Nf3 Bd5 30. Rd1 Rc1 31. Nxd4 b4 32. Re3 Rxd1+ 33.
Bxd1 Bf8 34. Nf5 Be6 35. Nd4 Bd7 36. Be2 Rd8 37. Bc4 Bc5 38. Rf3 Bxd4 39. Rxf7 Kh8 40. h6 gxh6 41. gxh6 Bc6 42. Bd3 Bd5 43. Rxh7+ Kg8 44.
Re7 Rf8 45. h7+ Kh8 46. Rd7 Bxb3 47. axb3 Bxf2 48. Ke2 Bg3 49. Be4 Be5 50. Rd5 Bc3 51. Rg5 Re8 52. Kd3 Rd8+ 53. Ke2 Re8 54. Kf3 Rf8+ 55.
Kg4 Re8 56. Bf5 Bf6 57. Rg6 Bg7 58. Rb6 Bc3 59. Bg6 Rd8 60. Kf5 Kg7 61. Rb7+ Kh6 62. Bf7 Kxh7 63. Bg6+ Kg8 64. Bh7+ Kf8 65. Bg6 Rd5+ 66.
Ke6 Re5+ 67. Kd6 Re2 68. Rb8+ Kg7 69. Bh5 Re1 70. Rb7+ Kf6 71. Rb5 Rb1 72. Kc7 Rxb3 73. Be8 Rb2 74. Bc6 Ke6 75. Bd5+ Ke5 76. Kb7 Kd4 77. Kc6 Rf2 78. Bb3 Rf6+ 79. Kb7 Bd2 80. Bg8 Kc3 81. Rc5+ Kb2 82. Rd5 Bc3 83. Rb5 Rg6 84.
Bd5 Rd6 85. Kc7 Rh6 86. Kb7 Rh5 87. Bc4 Rh4 88. Bd5 Kc2 89. Kc6 Rh6+ 90. Kb7 Kd3 91.
Bb3 Bd2 92. Kc8 Kc3 93. Bd5 Be3 94. Kb7 Rd6 95. Bg8 Rd7+ 96. Kc6 Ra7 97. Bd5 Ra6+ 98. Kb7 Rh6 99. Bg8 Bd4 100. Bd5 Rh5 101. Kc6 Rg5 102. Kb7 1-0

[Event "Late-Titled-Tuesday-Blitz-March-12-2024"]
[Site "Chess.com"]
[Date "2024.03.12"]
[Round "11"]
[White "Boninknights"]
[Black "Roedor"]
[Result "1-0"]
[WhiteElo "2393"]
[BlackElo "2268"]
[TimeControl "180+1"]
[EndTime "15:58:52 PDT"]
[Termination "Boninknights won by resignation"]

1. d4 Nf6 2. Nf3 g6 3. c4 Bg7 4. Nc3 O-O 5. e4 d6 6. Be2 e5 7. dxe5 dxe5 8. Qxd8 Rxd8 9. Bg5 Nbd7 10. O-O-O Rf8 11. Nd5 c6 12. Ne7+ Kh8 13. Be3 Nxe4 14. Nxc8 Raxc8 15. Rxd7 f5 16. Ng5 Nf6 17. Rxb7 f4 18.
Bc5 1-0

[Event "Late-Titled-Tuesday-Blitz-March-12-2024"]
[Site "Chess.com"]
[Date "2024.03.12"]
[Round "11"]
[White "OverallStranger"]
[Black "Quattroporte300"]
[Result "1-0"]
[WhiteElo "2398"]
[BlackElo "2476"]
[TimeControl "180+1"]
[EndTime "15:58:56 PDT"]
[Termination "OverallStranger won by resignation"]

1. e4 c5 2. Nc3 Nc6 3. Bb5 Nd4 4. Nf3 Nxb5 5. Nxb5 a6 6. Nc3 e6 7. d4 cxd4 8. Qxd4 d6 9. Bg5 Qc7 10. O-O-O b5 11. Bf4 e5 12. Nxe5 dxe5 13. Bxe5 Qd7 14. Qb6 Qe7 15. Qc6+ Bd7 16. Qxa8+ 1-0

[Event "Late-Titled-Tuesday-Blitz-March-12-2024"]
[Site "Chess.com"]
[Date "2024.03.12"]
[Round "11"]
[White "Alex_Banzea"]
[Black "MaiqMaster"]
[Result "1-0"]
[WhiteElo "2632"]
[BlackElo "2425"]
[TimeControl "180+1"]
[EndTime "15:59:03 PDT"]
[Termination "Alex_Banzea won by resignation"]

1. d4 d5 2. Nc3 Nf6 3. Bf4 g6 4. e3 Bg7 5. h4 h5 6. Nf3 O-O 7. Ne5 c5 8. dxc5 Qa5 9. Qd2 Nc6 10. Nxc6 bxc6 11. Be5 Qxc5 12. Na4 Ne4 13. Nxc5 Nxd2 14. Bxg7 Nxf1 15. Bxf8 1-0